 Dungeon Crawl Stone Soup version 0.22-a0-891-g4570db1 (webtiles) character file.

1131 Hedningen the Thaumaturge (level 8, -3/52 HPs)
             Began as a Hermit Crab Conjurer on Aug 12, 2019.
             Slain by a sky beast (4 damage)
             ... on level 5 of the Dungeon.
             The game lasted 00:14:42 (4509 turns).

Hedningen the Thaumaturge (Hermit Crab Conjurer)    Turns: 4509, Time: 00:14:42

Health: -3/52      AC:  6    Str:  9    XL:     8   Next: 36%
Magic:  4/22       EV: 17    Int: 26    God:
Gold:   153        SH:  0    Dex: 16    Spells: 15/25 levels left

rFire    . . .     SeeInvis .   (no weapon)
rCold    . . .     Gourm    .   (no shield)
rNeg     . . .     Faith    .   g - +0 ring mail
rPois    .         Spirit   .   p - +0 cloak
rElec    .         Reflect  .   o - amulet of regeneration
rCorr    .         Harm     .   y - +3 ring of intelligence
MR       .....                  v - +3 ring of intelligence
Stlth    ++........
HPRegen  0.57/turn
MPRegen  0.18/turn

@: agile
A: pincers, sturdy frame 3
a: no special abilities


You were on level 5 of the Dungeon.
You were not hungry.

You visited 1 branch of the dungeon, and saw 5 of its levels.

You collected 153 gold pieces.

Inventory:

Hand Weapons
 b - a +0 blowgun
 B - a +1 rapier of venom
 C - a +0 hammer of protection
Missiles
 l - 20 poisoned needles
Armour
 a - a +0 robe
 g - a +0 ring mail (worn)
 h - a +0 chain mail
 p - a +0 cloak (worn)
Jewellery
 i - an uncursed ring of teleportation
 o - an amulet of regeneration (around neck)
 r - an uncursed ring of protection from fire
 v - a +3 ring of intelligence (right pincer)
 y - a +3 ring of intelligence (left pincer)
Scrolls
 e - a scroll of enchant weapon
 q - 5 scrolls of identify
 x - a scroll of teleportation
 D - a scroll of amnesia {unknown}
Potions
 d - a potion of restore abilities {unknown}
 f - a potion of heal wounds {unknown}
 j - 2 potions of curing
 k - a potion of mutation {unknown}
 m - 2 potions of brilliance {unknown}
 n - a potion of berserk rage {unknown}
 s - a potion of haste
 u - 2 potions of flight {unknown}
 w - a potion of magic
 z - 2 potions of agility
 A - 2 potions of resistance {unknown}
Comestibles
 c - 8 rations


   Skills:
 - Level 2.1 Dodging
 - Level 2.0 Stealth
 + Level 9.0 Spellcasting
 - Level 8.4 Conjurations


You had 15 spell levels left.
You knew the following spells:

 Your Spells              Type           Power        Failure   Level  Hunger
a - Magic Dart            Conj           ####         1%          1    None
b - Dazzling Spray        Conj/Hex       ####..       2%          3    None
c - Searing Ray           Conj           ######       1%          2    None
d - Force Lance           Conj/Tloc      ####....     9%          4    #......

Your spell library contained the following spells:

 Spells                   Type           Power        Failure   Level  Hunger
 Iskenderun's Battlesphe  Conj/Chrm      ####....     26%         5    ####...
 Fulminant Prism          Conj/Hex       ####......   9%          4    #......


Dungeon Overview and Level Annotations

Branches:
Dungeon (5/15)
 Temple: D:4-7

Altars:

Shops:
D:4 [


Innate Abilities, Weirdness & Mutations

Your physical structure is perfection and can not be permanently altered.
You have pincers for hands.
Your movements are significantly less encumbered by armour. (ER -6)


Message History

Something shocks you.
* * * CRAB GONE DIE * * *
Casting: Searing Ray (safe; 1% risk of failure)
Confirm with . or Enter, or press ? or * to list all spells.
Aiming: Searing Ray (safe; 1% risk of failure)
Press: ? - help, Shift-Dir - straight line The searing ray hits something. (Press . to maintain the ray.)
Something hits you but does no damage. Something completely misses you.
The searing ray hits something.
Something hits you but does no damage.
The searing ray hits something.
You finish channeling your searing ray.
Something hits you.
* * * CRAB GONE DIE * * *
Something shocks you.
* * * CRAB GONE DIE * * *
It was a crabjuice of agility.
You feel agile all of a sudden. Something hits you.
Your journey is over little crab

# # #. ##.#.##
.......
.......########
....()(.){@..(#
.....#####.##.##
... #..#..# #
##.##.##
###...#..#
8...###...8....#
...........#..#
....>....###.##
. #.....### #.#


There were no monsters in sight!

Vanquished Creatures
  Grinder (D:4)
  Eustachio (D:4)
  2 orc warriors (D:5)
  A sky beast (D:5)
  A gnoll sergeant (D:5)
  A crimson imp (D:5)
  3 hounds
  An orc priest (D:5)
  Crazy Yiuf (D:4)
  2 bullfrog skeletons (D:4)
  An orc wizard (D:5)
  2 worker ants
  Robin (D:2)
  2 adders
  2 oozes
  An adder zombie (D:5)
  3 worms
  A dart slug (D:1)
  3 leopard geckos
  11 orcs
  2 giant cockroaches
  11 goblins
  11 hobgoblins
  3 jackals (D:3)
  3 kobolds
  A quokka (D:3)
  2 ball pythons
  8 bats
  9 frilled lizards
  3 rats
94 creatures vanquished.

Notes
Turn   | Place    | Note
-------+----------+-------------------------------------------
     0 | D:1      | Hedningen the Hermit Crab Conjurer began the quest for the Orb.
     0 | D:1      | Reached XP level 1. HP: 13/13 MP: 5/5
   153 | D:1      | Reached XP level 2. HP: 11/19 MP: 0/6
   326 | D:1      | Reached skill level 5 in Conjurations
   590 | D:1      | Reached XP level 3. HP: 24/24 MP: 5/8
  1256 | D:2      | Learned a level 3 spell: Dazzling Spray
  1259 | D:2      | Learned a level 2 spell: Searing Ray
  1354 | D:2      | Noticed Robin
  1476 | D:2      | Reached XP level 4. HP: 30/30 MP: 6/9
  1584 | D:2      | Killed Robin
  2798 | D:4      | Noticed Grinder
  2816 | D:3      | Reached XP level 5. HP: 9/35 MP: 2/10
  2903 | D:4      | Killed Grinder
  2903 | D:4      | Reached XP level 6. HP: 41/41 MP: 4/11
  3085 | D:4      | Reached skill level 3 in Spellcasting
  3333 | D:4      | Found Uleg's Armour Shop.
  3346 | D:4      | Reached skill level 4 in Spellcasting
  3346 | D:4      | Reached XP level 7. HP: 46/46 MP: 8/14
  3398 | D:4      | Learned a level 4 spell: Force Lance
  3409 | D:4      | Noticed Eustachio
  3418 | D:4      | Killed Eustachio
  3418 | D:4      | Reached skill level 5 in Spellcasting
  4051 | D:4      | Found a runed door.
  4055 | D:4      | Noticed Crazy Yiuf
  4058 | D:4      | Killed Crazy Yiuf
  4058 | D:4      | Reached skill level 6 in Spellcasting
  4147 | D:5      | Entered Level 5 of the Dungeon
  4220 | D:5      | Reached skill level 7 in Spellcasting
  4465 | D:5      | Reached XP level 8. HP: 52/52 MP: 15/20
  4477 | D:5      | Reached skill level 8 in Spellcasting
  4499 | D:5      | Reached skill level 9 in Spellcasting
  4508 | D:5      | HP: 1/52 [something (5)]
  4509 | D:5      | Slain by a sky beast

Vault maps used:
D:1:      eino_arrival_water_cross, minmay_misc_feat_enclosed
D:2:      uniq_robin
D:4:      serial_shops, kennysheep_little_box, uniq_grinder,
          uniq_crazy_yiuf_cottage, uniq_eustachio
D:5:      first_ration, grunt_ministairs_13, corner_web_ring, sword_in_stone,
          uniq_ijyb

Skill      XL: |  1  2  3  4  5  6  7  8 |
---------------+-------------------------+-----
Conjurations   | 5 6 8 |  8.4
Spellcasting   | 4 7 9 |  9.0
Dodging        | |  2.1
Stealth        | |  2.0

Action                   |  1- 3 |  4- 6 |  7- 9 || total
-------------------------+-------+-------+-------++-------
Melee: Unarmed           |     6 |       |       ||     6
       Rapier            |       |       |     6 ||     6
 Fire: Blowgun           |       |    12 |     4 ||    16
 Cast: Magic Dart        |    70 |    76 |    28 ||   174
       Searing Ray       |     1 |     6 |    15 ||    22
  Use: Scroll            |     2 |     4 |     3 ||     9
       Potion            |     2 |       |     2 ||     4
  Eat: Chunk             |     1 |     3 |     1 ||     5
       Ration            |     1 |       |     1 ||     2
Armor: Robe              |     1 |       |       ||     1
       Ring mail         |     3 |     6 |     9 ||    18
       Chain mail        |     3 |       |       ||     3
Dodge: Dodged            |    20 |    12 |    22 ||    54

Table legend:
 A = Spawn XP
 B = Non-spawn XP
 C = Spawn XP percentage of total XP
 D = Spawn monster count
 E = Non-spawn monster count
 F = Spawn count percentage of total count
 G = Total turns spent on level
                    A         B        C        D         E        F      G
               +---------+---------+-------+---------+---------+-------+---------
         Total |       0 |    1616 |   0.0 |       0 |      94 |   0.0 |  4509
               +---------+---------+-------+---------+---------+-------+---------
           D:1 |       0 |      48 |   0.0 |       0 |      25 |   0.0 |  1114
           D:2 |       0 |      54 |   0.0 |       0 |      17 |   0.0 |   582
           D:3 |       0 |      82 |   0.0 |       0 |      19 |   0.0 |  1185
           D:4 |       0 |     735 |   0.0 |       0 |      20 |   0.0 |  1266
           D:5 |       0 |     697 |   0.0 |       0 |      13 |   0.0 |   362
               +---------+---------+-------+---------+---------+-------+---------
